 Dungeon Crawl Stone Soup version 0.29-a0-598-gd8304a5bf4 (webtiles) character file.

Game seed: 12295875665513200478

2328 fernweh the Carver (level 10, -2/103 HPs)
             Began as a Meteoran Chaos Knight on June 16, 2022.
             Was a Plaything of Xom.
             Slain by an iguana (4 damage)
             ... on level 6 of the Dungeon.
             The game lasted 00:33:50 (2777 turns).

fernweh the Carver (Meteoran Chaos Knight)          Turns: 2777, Time: 00:33:51

Health: -2/103     AC:  8    Str: 21    XL:     10   Next: 1%
Magic:  13/13      EV: 11    Int: 13    God:    Xom [*.....]
Gold:   90         SH:  0    Dex: 14    Spells: 9/9 levels left

rFire   . . .      SeeInvis .   a - +2 falchion (chaos)
rCold   + . .      Faith    .   (no shield)
rNeg    + . .      Spirit   .   b - +2 leather armour
rPois   .          Reflect  .   k - +0 helmet
rElec   .          Harm     .   f - +0 cloak
rCorr   .          Rampage  .   (no gloves)
Will    +....                   n - +0 pair of boots
Stlth   +.........              (no amulet)
HPRegen 0.27/turn               o - ring of positive energy
MPRegen 0.13/turn               r - ring of protection from cold

@: about to teleport, flying, glowing
A: sense surroundings 2, otherworldly, glowing, explore regen, robust 1, strong
1, MP-powered wands
a: Renounce Religion


You were on level 6 of the Dungeon.
You worshipped Xom.
You were a special plaything of Xom.
You visited 1 branch of the dungeon, and saw 6 of its levels.

You collected 390 gold pieces.
You spent 300 gold pieces at shops.

Inventory:

Hand Weapons
 a - a +2 falchion of chaos (weapon)
 m - a +6 dire flail of holy wrath
Missiles
 g - a silver boomerang (quivered)
 h - 4 boomerangs
Armour
 b - a +2 leather armour (worn)
 f - a +0 cloak (worn)
 k - a +0 helmet (worn)
 n - a +0 pair of boots (worn)
Jewellery
 o - a ring of positive energy (left hand)
 r - a ring of protection from cold (right hand)
Scrolls
 j - 2 scrolls of identify
Potions
 p - a potion of mutation
Miscellaneous
 c - a piece from Xom's chessboard (15/15)
 q - a lightning rod (inert)


   Skills:
 + Level 10.5 Fighting
 + Level 12.6 Long Blades
 - Level 0.7 Throwing
 - Level 2.5 Armour
 - Level 1.2 Dodging
 - Level 3.7 Invocations
 + Level 8.9 Evocations


You had 9 spell levels left.
You didn't know any spells.
Your spell library contained the following spells:

 Spells                   Type           Power      Damage    Failure   Level
 Sandblast                Erth           0%         2d4       34%         1
 Passwall                 Tmut/Erth      0%         N/A       47%         2
 Stone Arrow              Conj/Erth      0%         3d7       71%         3
 Passage of Golubria      Tloc           0%         N/A       98%         4
 Silence                  Hex/Air        0%         N/A       100%        5
 Lehudib's Crystal Spear  Conj/Erth      0%         10d2      100%        8


Dungeon Overview and Level Annotations

Branches:
Dungeon (6/15) Zot: 822    Temple (0/1) D:5

Altars:
Ashenzari
Gozag
Sif Muna

Shops:
D:4 *


Innate Abilities, Weirdness & Mutations

You passively map the area around you.
You are easily found by Zot.
You glow in the dark.
You regain HP and MP as you explore.
You are robust. (+10% HP)
Your muscles are strong. (Str +2)
You expend magic power (3 MP) to strengthen your wands.


Message History

The iguana attacks as you move away! The iguana bites you!
* * * LOW HITPOINT WARNING * * *
The lightning rod is presently inert.
Okay, then.
It was a potion of curing.
You feel better. The iguana bites you!
* * * LOW HITPOINT WARNING * * *
You slash the iguana!
You kill the iguana!
Your Evocations skill increases to level 2!
You have reached level 9!
Your experience leads to an increase in your attributes!
Increase (S)trength, (I)ntelligence, or (D)exterity?
You feel stronger. x3
Your attunement to dungeon structure grows.
Okay, then.
Okay, then.
Okay, then.
Unknown command.
It was a potion of experience.
You feel more experienced!
Your Fighting skill gained 4 levels and is now at level 10!
Your Long Blades skill gained 3 levels and is now at level 12!
Your Evocations skill gained 6 levels and is now at level 8!
You have reached level 10!
The iguana closely misses you.
It was a potion of mutation.
You feel extremely strange.
You feel robust.
You feel stronger.
You feel your magical essence link to the dungeon's wands.
The iguana bites you!
* * * LOW HITPOINT WARNING * * *
Something hits you but does no damage. Something hits you but does no damage.
The iguana attacks as you move away! The iguana closely misses you.
As you read the scroll of magic mapping, it crumbles to dust.
You feel aware of your surroundings.
You sensed 1 altar.
The iguana misses you. Something hits you.
* * * LOW HITPOINT WARNING * * *
As you read the scroll of teleportation, it crumbles to dust.
You feel strangely unstable. The iguana bites you.
You die...

,,,,#o.,,,#.....#..,,,* #.#.....
,,,,*...,,*#...##.#+######.#.....
*,**###.#####.###...........#....
,,,,#...l.#....).................
*,*.#.8.8.#..†.).....†......##...
,,,....8....####............##...
,*,.#.8.8.#.# #.................
,**,#.....#.# #l....[.######.#.#
,**,###.###.# #@......# #.#.#
,,,,,...,,..# #.......# #.#.#
,,,,##.,,..(#**#.......# #.#.#
,,,,*#,,S...#,,...######****#...#
,,,,**,.....#,*####*,,,,,,,,#####
,,,,**......#,*** *,,,,,,,,,,,,,
,,,,*#.$.....,,,* *,,,,,,,,*****
,,,,**,,,,,,*,*,* **,,,,,,,,,,,,*
,,,,,,,,,,,,,,*,* *,,,,,,,,,,,>,*


You could see an iguana.

Vanquished Creatures
  Edmund (D:5)
  A water moccasin (D:6)
  2 black bears
  An ogre (D:5)
  2 centaurs
  A phantom (D:4)
  A bullfrog (D:6)
  A scorpion (D:5)
  A hound (D:5)
  3 iguanas
  3 orc wizards (D:3)
  4 gnolls
  6 adders
  An ufetubus (D:5)
  2 worms
  2 dart slugs (D:3)
  5 orcs
  5 ball pythons
  7 endoplasms
  4 giant cockroaches
  6 goblins
  3 hobgoblins
  4 jackals (D:2)
  2 quokkas
  8 bats
  3 frilled lizards
  6 kobolds
  6 rats
91 creatures vanquished.

Vanquished Creatures (others)
  A centaur (D:6)
1 creature vanquished.

Grand Total: 92 creatures vanquished

Notes
Turn   | Place    | Note
-------+----------+-------------------------------------------
     0 | D:1      | fernweh the Meteoran Chaos Knight began the quest for the
                  | Orb.
     0 | D:1      | Reached XP level 1. HP: 19/19 MP: 2/2
    66 | D:1      | XOM: divination: magic mapping
    81 | D:1      | Reached skill level 4 in Long Blades
    81 | D:1      | Reached XP level 2. HP: 26/26 MP: 3/3
   246 | D:1      | XOM: silly message
   368 | D:1      | XOM: silly message
   496 | D:1      | Glimpsed the power of Zot.
   554 | D:3      | Reached XP level 3. HP: 26/31 MP: 4/4
   583 | D:3      | XOM: silly message
   584 | D:3      | XOM: silly message
   636 | D:3      | Found a faded altar of an unknown god.
   668 | D:3      | Reached skill level 5 in Long Blades
   686 | D:3      | XOM: divination: detect creatures
   689 | D:3      | Reached XP level 4. HP: 21/38 MP: 5/5
   695 | D:3      | Reached skill level 6 in Long Blades
   715 | D:3      | Found a shimmering blue altar of Sif Muna.
  1006 | D:3      | Reached XP level 5. HP: 45/45 MP: 6/6
  1086 | D:3      | XOM: potion effect (curing)
  1097 | D:3      | XOM: summons 2 hostile shadow creatures
  1710 | D:3      | Glimpsed the power of Zot.
  1747 | D:4      | Found a broken altar of Ashenzari.
  1753 | D:4      | Noticed a phantom
  1754 | D:4      | XOM: confusion
  1773 | D:4      | XOM: silly message
  1776 | D:4      | Killed a phantom
  1777 | D:4      | Reached skill level 7 in Long Blades
  1777 | D:4      | Reached XP level 6. HP: 27/52 MP: 7/7
  1962 | D:4      | Found Keth's Elemental Accessories.
  2027 | D:4      | Noticed a black bear
  2029 | D:4      | XOM: swap monsters
  2034 | D:4      | Killed a black bear
  2035 | D:4      | Reached XP level 7. HP: 38/60 MP: 8/8
  2124 | D:5      | Entered Level 5 of the Dungeon
  2147 | D:5      | Reached skill level 5 in Fighting
  2147 | D:5      | Reached skill level 8 in Long Blades
  2171 | D:5      | XOM: divination: magic mapping
  2188 | D:5      | Noticed Edmund
  2268 | D:4      | Bought a lightning rod (4/4) for 300 gold pieces
  2298 | D:5      | Found a staircase to the Ecumenical Temple.
  2356 | D:5      | Reached skill level 1 in Invocations
  2436 | D:5      | XOM: cast spell 'Call Canine Familiar'
  2443 | D:5      | Killed Edmund
  2444 | D:5      | Reached XP level 8. HP: 70/70 MP: 8/10
  2558 | D:5      | XOM: silly message
  2576 | D:5      | Found an opulent altar of Gozag.
  2682 | D:6      | Reached skill level 9 in Long Blades
  2729 | D:6      | Reached skill level 1 in Evocations
  2772 | D:6      | Gained mutation: You passively map the area around you.
                  | [Meteoran growth]
  2772 | D:6      | Reached XP level 9. HP: 10/78 MP: 12/12
  2772 | D:6      | Reached skill level 10 in Fighting
  2772 | D:6      | Reached skill level 12 in Long Blades
  2772 | D:6      | Reached XP level 10. HP: 12/94 MP: 13/13
  2773 | D:6      | Gained mutation: You are robust. (+10% HP) [potion of
                  | mutation]
  2773 | D:6      | Gained mutation: Your muscles are strong. (Str +2) [potion
                  | of mutation]
  2773 | D:6      | Gained mutation: You expend magic power (3 MP) to
                  | strengthen your wands. [potion of mutation]
  2773 | D:6      | HP: 4/103 [iguana (9)]
  2777 | D:6      | Slain by an iguana

Illustrated notes

Levels and vault maps discovered:
D:1:      scummos_arrival_simple_crosswalls, layout_loops_ring
D:2:      minmay_thinvault, layout_rooms, grunt_ministairs_7
D:3:      layout_loops_ring, led_sif_book, beargit_hepliaklqana_dungeon_heroes,
          shapermc_ecumenical_altar_mp_highgroup
D:4:      layout_cave_pools, amcnicky_altar_gilded, nicolae_elemental_shop,
          kennysheep_small_spiral, serial_bayou_pond_e
D:5:      layout_loops_ring, grunt_gozag_statues, minmay_temple_entry_mist,
          uniq_edmund
D:6:      layout_basic, lemuel_tele_altar, hangedman_abyss_or_decor_stabs,
          grunt_ministairs_9, minmay_chambers_of_fives

Skill      XL: |  1  2  3  4  5  6  7  8  9 |
---------------+----------------------------+-----
Long Blades    | 4 5 6 7 8 9 12 | 12.6
Fighting       | 4 5 6 10 | 10.5
Invocations    | 2 3 |  3.7
Evocations     | 2 8 |  8.9
Throwing       | |  0.7
Armour         | |  2.5
Dodging        | |  1.2

Action                   |  1- 3 |  4- 6 |  7- 9 | 10-12 || total
-------------------------+-------+-------+-------+-------++-------
Melee: Falchion          |    84 |   148 |    79 |       ||   311
       Punch             |       |       |     2 |       ||     2
Throw: Boomerang         |       |    30 |     5 |       ||    35
Evoke: Lightning rod     |       |       |     4 |       ||     4
  Use: Potion            |     2 |     4 |     4 |     1 ||    11
       Scroll            |     1 |     5 |     1 |     2 ||     9
 Stab: Confused          |     1 |       |       |       ||     1
Armor: Leather armour    |    45 |    53 |    28 |     2 ||   128
       Skin              |       |     8 |       |       ||     8
Dodge: Dodged            |    35 |    67 |    46 |     3 ||   151

Table legend: (Time is in decaauts)
 A = Elapsed time spent in this place.
 B = Non-inter-level travel time spent in this place.
 C = Inter-level travel time spent in this place.
 D = Time resting spent in this place.
 E = Time spent auto-exploring this place.
 F = Levels seen in this place.
 G = Mean time per level.
                   A        B        C        D        E       F      G
               +--------+--------+--------+--------+--------+-----+--------+
         Total |   2776 |   2766 |     10 |     45 |    940 |   6 |  462.7 |
       Dungeon |   2776 |   2766 |     10 |     45 |    940 |   6 |  462.7 |
               +--------+--------+--------+--------+--------+-----+--------+

Top non-repeatable levels by time:
     D:3: 670 daAuts
     D:2: 533 daAuts
     D:1: 514 daAuts
     D:4: 487 daAuts
     D:5: 468 daAuts
     D:6: 101 daAuts
